 Dungeon Crawl Stone Soup version 0.29-a0-284-gf9362112df (webtiles) character file.

Game seed: 16889665427675750858

6 spaghetti the Sneak (level 1, 18/18 HPs)
             Began as a Demonspawn Delver on Mar 25, 2022.
             Quit the game on level 4 of the Dungeon.
             The game lasted 00:00:35 (375 turns).

spaghetti the Sneak (Demonspawn Delver)              Turns: 375, Time: 00:00:35

Health: 18/18      AC:  3    Str: 12    XL:     1   Next: 75%
Magic:  1/1        EV: 11    Int: 11    God:
Gold:   0          SH:  0    Dex: 14    Spells: 0/0 levels left

rFire   . . .      SeeInvis .   a - +0 short sword {short}
rCold   . . .      Faith    .   (no shield)
rNeg    . . .      Spirit   .   b - +0 leather armour
rPois   .          Reflect  .   (no helmet)
rElec   .          Harm     .   (no cloak)
rCorr   .          Rampage  .   (no gloves)
Will    .....                   (no boots)
Stlth   +++.......              (no amulet)
HPRegen 0.06/turn               (no ring)
MPRegen 0.07/turn               (no ring)

@: no status effects
A: no striking features
a: no special abilities


You were on level 4 of the Dungeon.
You visited 1 branch of the dungeon, and saw 3 of its levels.


   Skills:
 - Level 3.0 Fighting
 - Level 1.7 Short Blades
 - Level 1.7 Dodging
 + Level 4.8 Stealth


You couldn't memorise any spells.
You didn't know any spells.
Your spell library was empty.

Inventory:

Hand Weapons
 a - a +0 short sword (weapon) {short}
Armour
 b - a +0 leather armour (worn)
Wands
 g - a wand of digging (3)
Scrolls
 c - a scroll of fog
 d - a scroll of magic mapping {!r}
Potions
 f - a potion of haste {@q3}

Dungeon Overview and Level Annotations

Branches:
Dungeon (6/15)
 Temple: D:4-7

Altars:

Annotations:
D:6 Pikel

##############
#..(.........#
###............#
#.#............# ###
#..............# #.#
#.#............#
#.###.#............#
#.....#####.########
#.#..@....$.#
#>.†......J.......
#.#.##############
#..... ###[### #..
#... ..... #....#


You could see a jelly.


Message History

2 centaurs, Pikel and 2 lemures come into view.
Pikel is wielding a +0 whip of freezing.
The lemure shouts! x2; The centaur shouts!
The centaur wields a +0 shortbow.
The centaur shoots an arrow.
The arrow hits you!
Ouch! That really hurt!
* * * LOW HITPOINT WARNING * * *
The lemure barely misses you.
Pikel shouts! 😨 HP[-10]
You take 10 damage, and now have 8/18 hp.
MASSIVE DAMAGE!! (PAUSE) Unknown command.
Unknown command.
As you read the scroll of fear, it crumbles to dust.
You assume a fearsome visage.
The centaur looks frightened! x2
Pikel looks frightened!
The lemure looks frightened! x4
The steam dragon looks frightened!
Unknown command.
The centaur gibbers meaninglessly.
There is an open door here.
There is a stone staircase leading up here.
You climb upwards.
There is a stone staircase leading down here.
You can't go up here! 😨 HP[+1] Unknown command.
An orc comes into view. It is wielding a +0 flail. 😮 HP[+4]
You regained 4 hp, and now have 13/18 hp.
An orc is nearby!
An orc is nearby!
Unknown command. 😕 HP[+1]
An orc is nearby!
You are too injured to fight recklessly!
You are too injured to fight recklessly!
You are too injured to fight recklessly!
You are too injured to fight recklessly!
You are too injured to fight recklessly!
The orc shouts!
You hit the orc. The orc misses you.
You hit the orc. The orc closely misses you.
You hit the orc but do no damage. The orc hits you with a +0 flail!
* * * LOW HITPOINT WARNING * * *
😨 HP[-8]
You take 8 damage, and now have 6/18 hp.
MASSIVE DAMAGE!! (PAUSE)
You hit the orc but do no damage. The orc barely misses you.
You hit the orc.
You kill the orc!
Things that are here:
a +0 flail {mace}; a +0 leather armour; an orc corpse You start resting. 😎 HP[+12]
Your hp is fully restored (18).
Key pressed, stopping explore.
Things that are here:
a +0 flail {mace}; a +0 leather armour; an orc corpse A quokka comes into view.
You see here a +0 short sword {short}.
A quokka is nearby!
A quokka is nearby!
A quokka is nearby!
The helpless quokka fails to defend itself.
You puncture the quokka!
You kill the quokka!
An iguana comes into view.
Found a stone staircase leading down and a stone staircase leading up.
An iguana comes into view.
There is a stone staircase leading up here.
You climb upwards.
There is a stone staircase leading down here.
Unknown command.
Unknown command.
A hobgoblin is nearby!
You barely miss the hobgoblin. The hobgoblin closely misses you.
You hit the hobgoblin but do no damage. The hobgoblin barely misses you.
You hit the hobgoblin. The hobgoblin hits you. 😕 HP[-2]
You take 2 damage, and now have 16/18 hp.
You hit the hobgoblin.
You kill the hobgoblin! 😕 HP[+1]
You see here a hobgoblin corpse.
A jelly comes into view. 😎 HP[+1]
Your hp is fully restored (18).
No target in range!
An endoplasm comes into view.
You see here 13 gold pieces.
The helpless endoplasm fails to defend itself.
You puncture the endoplasm!
You kill the endoplasm!
The jelly quivers.
You see here 13 gold pieces.
Press: ? - help, v - describe, . - travel, g - get item Item here: 13 gold pieces.
The floor.
Are you sure you want to abandon this character and quit the game? (Confirm with "yes".)

Action                   || total
-------------------------++-------
Melee: Short sword       ||    11
  Use: Scroll            ||     1
 Stab: Sleeping          ||     2
Dodge: Dodged            ||     6

Levels and vault maps discovered:
D:4:      layout_basic, minmay_temple_entry_junction, uniq_robin, uniq_duvessa
D:5:      layout_basic, uniq_blork_the_orc
D:6:      layout_basic, gammafunk_ghost_grave, grunt_ministairs_6,
          chequers_serial_rivers_marsh, sword_in_stone, uniq_pikel

Notes
Turn   | Place    | Note
-------+----------+-------------------------------------------
     0 | D:5      | spaghetti the Demonspawn Delver began the quest for the
                  | Orb.
     0 | D:5      | Reached XP level 1. HP: 18/18 MP: 1/1
     0 | D:5      | magus.rc [v1.9.6]
     7 | D:6      | Noticed a lemure
     8 | D:6      | Noticed a lemure
     8 | D:6      | Noticed a steam dragon
     9 | D:6      | Noticed a centaur
     9 | D:6      | Noticed a centaur
     9 | D:6      | Noticed Pikel
     9 | D:6      | Noticed a lemure
     9 | D:6      | Noticed a lemure
   318 | D:5      | Noticed an iguana
   325 | D:5      | Noticed an iguana
   354 | D:4      | Noticed a jelly
   375 | D:4      | Quit the game

Vanquished Creatures
  An orc (D:5)
  An endoplasm (D:4)
  A hobgoblin (D:4)
  A quokka (D:5)
4 creatures vanquished.

Table legend:
 A = Non-vault XP
 B = Vault XP
 C = Vault XP percentage of total XP
 D = Non-vault monster count
 E = Vault monster count
 F = Vault count percentage of total count
                 A         B        C        D         E       F
            +---------+---------+-------+---------+---------+-------
      Total |       9 |       0 |   0.0 |       4 |       0 |   0.0
            +---------+---------+-------+---------+---------+-------
        D:4 |       4 |       0 |   0.0 |       2 |       0 |   0.0
        D:5 |       5 |       0 |   0.0 |       2 |       0 |   0.0
            +---------+---------+-------+---------+---------+-------

Illustrated notes

Table legend:
 A = Kills in this place as a percentage of kills in entire the game.
 B = Kills by you in this place as a percentage of kills by you in the entire game.
 C = Kills by friends in this place as a percentage of kills by friends in the entire game.
 D = Other kills in this place as a percentage of other kills in the entire game.
 E = Experience gained in this place as a percentage of experience gained in the entire game.
 F = Experience gained in this place divided by the number of levels of this place that you have seen.
                   A       B       C       D       E      F
               +-------+-------+-------+-------+-------+----------------------
         Total | 100.0 | 100.0 |   N/A |   N/A | 100.0 |   3.0
       Dungeon | 100.0 | 100.0 |   N/A |   N/A | 100.0 |   3.0
               +-------+-------+-------+-------+-------+----------------------

Table legend: (Time is in decaauts)
 A = Elapsed time spent in this place.
 B = Non-inter-level travel time spent in this place.
 C = Inter-level travel time spent in this place.
 D = Time resting spent in this place.
 E = Time spent auto-exploring this place.
 F = Levels seen in this place.
 G = Mean time per level.
                   A        B        C        D        E       F      G
               +--------+--------+--------+--------+--------+-----+--------+
         Total |    375 |    375 |      0 |    189 |    112 |   3 |  125.0 |
       Dungeon |    375 |    375 |      0 |    189 |    112 |   3 |  125.0 |
               +--------+--------+--------+--------+--------+-----+--------+

Top non-repeatable levels by time:
     D:5: 316 daAuts
     D:4: 46 daAuts
     D:6: 11 daAuts
